 Dungeon Crawl Stone Soup version 0.30-b1-5-g8e6c1be481 (webtiles) character file.

Game seed: 1956936082884704805

146 Hubris850 the Ogre Mage (level 5, -2/53 HPs)
             Began as an Ogre Hedge Wizard on May 4, 2023.
             Slain by an orc priest
             ... wielding a +0 flail
              (6 damage)
             ... on level 3 of the Dungeon.
             The game lasted 00:07:49 (3283 turns).

Hubris850 the Ogre Mage (Ogre Hedge Wizard)         Turns: 3283, Time: 00:07:50

Health: -2/53      AC:  3    Str: 14    XL:     5   Next: 28%
Magic:  10/10      EV: 10    Int: 17    God:
Gold:   86         SH:  0    Dex:  8    Spells: 5/11 levels left

rFire   . . .        w - +4 hand axe
rCold   . . .        (no shield)
rNeg    . . .        b - +0 robe
rPois   +            c - +0 hat
rElec   .            (no cloak)
rCorr   .            (gloves unavailable)
SInv    .            (boots unavailable)
Will    .....        (no amulet)
Stlth   +            r - ring of poison resistance
HPRegen 0.28/turn    (no ring)
MPRegen 0.12/turn

%: no passive effects
@: no status effects
A: large, unfitting armour, tough skin 1
a: no special abilities


You were on level 3 of the Dungeon.
You visited 1 branch of the dungeon, and saw 3 of its levels.

You collected 86 gold pieces.

Inventory:

Hand Weapons
 a - a +0 dagger
 g - a +0 mace
 s - a +0 morningstar
 w - a +4 hand axe (weapon)
Missiles
 h - 2 atropa-tipped darts
Armour
 b - a +0 robe (worn)
 c - a +0 hat (worn)
Jewellery
 r - a ring of poison resistance (left hand)
Scrolls
 f - 3 scrolls of fear {unknown}
 i - 2 scrolls of amnesia {unknown}
 j - a scroll of teleportation {unknown}
 m - a scroll of summoning {unknown}
 q - a scroll of enchant armour {unknown}
 u - a scroll of fog {unknown}
 v - a scroll of silence {unknown}
Potions
 d - 2 potions of magic
 e - a potion of curing {unknown}
 k - a potion of attraction {unknown}
 l - a potion of invisibility {unknown}
 n - 2 potions of ambrosia {unknown}
 o - a potion of brilliance {unknown}
 p - a potion of resistance {unknown}
 t - a potion of mutation {unknown}


   Skills:
 - Level 3.0 Fighting
 + Level 2.2 Maces & Flails
 - Level 3.0 Dodging
 - Level 1.4 Stealth
 - Level 3.6 Spellcasting
 - Level 0.8 Conjurations
 - Level 0.8 Summonings
 - Level 0.8 Translocations
 + Level 0.8 Air Magic
 + Level 0.9 Poison Magic


You had 5 spell levels left.
You knew the following spells:

 Your Spells              Type           Power      Damage    Failure   Level
a - Magic Dart            Conj           24%        1d4       12%         1
b - Blink                 Tloc           12%        N/A       17%         2
c - Mephitic Cloud        Conj/Pois/Air  6%         N/A       34%         3

Your spell library contained the following spells:

 Spells                   Type           Power      Damage    Failure   Level
 Slow                     Hex            12%        N/A       17%         1
 Call Imp                 Summ           12%        N/A       17%         2
 Cigotuvi's Dreadful Rot  Necr/Pois/Air  10%        N/A       21%         2
 Dazzling Flash           Conj/Hex       8%         N/A       38%         3
 Silence                  Hex/Air        2%         N/A       98%         5
 Agony                    Necr           3%         N/A       99%         5


Dungeon Overview and Level Annotations

Branches:
Dungeon (3/15)

Altars:

Shops:
D:2 !


Innate Abilities, Weirdness & Mutations

You are too large for most types of armour.
You have tough skin. (AC +1)


Message History

The orc hits you but does no damage.
You hit the orc priest but do no damage.
The orc priest is heavily wounded.
You hit the orc but do no damage.
The orc priest hits you with a +0 flail.
The orc hits you with a +0 club.
You closely miss the orc priest.
The orc priest is heavily wounded.
You closely miss the orc. The orc priest completely misses you.
The orc barely misses you.
You closely miss the orc priest.
The orc priest is heavily wounded.
You hit the orc but do no damage.
The orc priest hits you with a +0 flail.
The orc closely misses you. The orc priest closely misses you.
The orc closely misses you.
You hit the orc priest but do no damage.
The orc priest is heavily wounded.
You barely miss the orc. The orc priest barely misses you.
The orc closely misses you.
You closely miss the orc priest.
The orc priest is heavily wounded.
You hit the orc but do no damage.
The orc priest looks satisfied for a moment.
The orc barely misses you.
You hit the orc priest but do no damage.
The orc priest is heavily wounded.
You hit the orc.
You kill the orc!
The orc priest mumbles some strange prayers to Beogh against you.
Pain shoots through your body!
* * * LOW HITPOINT WARNING * * *
You hit the orc priest but do no damage.
The orc priest is heavily wounded.
The orc priest invokes the aid of Beogh against you.
You struggle to resist.
You hit the orc priest.
The orc priest is heavily wounded.
The orc priest hits you with a +0 flail.
You die...

#..#.[##.# #.
#..#.....# +.
#........# ##+##.
####.....# #.<...
###.....### .....
#.........# ..b
####......##
#o#######..........
#)@.....#.#......#.
#######.#..........
#.#........#.
#............
###.#.##.......
#...#.....#.##.
#...#####...##.
#.### #....... #.#
########


You could see an orc priest and a bat.

Vanquished Creatures
  Jessica (D:2)
  Robin (D:3)
  5 adders
  A worm (D:2)
  A dart slug (D:1)
  3 orcs
  3 endoplasms
  3 giant cockroaches
  9 goblins
  3 hobgoblins (D:2)
  7 jackals (D:1)
  3 ball pythons (D:2)
  8 bats
  3 frilled lizards
  4 kobolds
  5 rats (D:1)
60 creatures vanquished.

Vanquished Creatures (others)
  2 plants (D:1)
2 creatures vanquished.

Grand Total: 62 creatures vanquished

Notes
Turn   | Place    | Note
-------+----------+-------------------------------------------
     0 | D:1      | Hubris850 the Ogre Hedge Wizard began the quest for the
                  | Orb.
     0 | D:1      | Reached XP level 1. HP: 16/16 MP: 5/5
   257 | D:1      | Reached skill level 1 in Fighting
   257 | D:1      | Reached XP level 2. HP: 26/27 MP: 6/6
   572 | D:1      | Reached skill level 1 in Maces & Flails
   842 | D:1      | Reached XP level 3. HP: 33/33 MP: 8/8
  1350 | D:2      | Found Ivoejama's Distillery.
  1555 | D:2      | Noticed Jessica
  1568 | D:2      | Killed Jessica
  1636 | D:2      | Reached XP level 4. HP: 44/44 MP: 7/9
  1912 | D:2      | Learned a level 2 spell: Blink
  1916 | D:2      | Learned a level 3 spell: Mephitic Cloud
  2846 | D:3      | Reached XP level 5. HP: 35/52 MP: 10/10
  2908 | D:3      | Identified the +1 helmet of the Elephant {+Inv Regen+}
  2908 | D:3      | Noticed Robin
  3019 | D:3      | Killed Robin
  3283 | D:3      | Slain by an orc priest

Illustrated notes

Levels and vault maps discovered:
D:1:      evilmike_arrival_plus, layout_loops_corners, serial_bayou,
          serial_bayou_pond_d, serial_bayou_shore_a, serial_bayou_crossing,
          serial_bayou_lagoon_a
D:2:      layout_basic, serial_shops, nicolae_lakefront_shop, uniq_jessica
D:3:      layout_basic, mainiacjoe_overflow_small_starburst, uniq_robin,
          uniq_crazy_yiuf_cottage, uniq_sigmund

Skill      XL: |  1  2  3  4  5 |
---------------+----------------+-----
Fighting       | 1 2 3 |  3.0
Dodging        | 2 3 |  3.0
Maces & Flails | 1 2 |  2.2
Stealth        | |  1.4
Spellcasting   | |  3.6
Conjurations   | |  0.8
Summonings     | |  0.8
Translocations | |  0.8
Air Magic      | |  0.8
Poison Magic   | |  0.9

Action                     |  1- 3 |  4- 6 || total
---------------------------+-------+-------++-------
  Melee: Mace              |   114 |    48 ||   162
         Morningstar       |       |    51 ||    51
         Hand axe          |       |    21 ||    21
         Punch             |       |     1 ||     1
   Cast: Magic Dart        |     6 |    26 ||    32
   Stab: Sleeping          |     1 |     2 ||     3
 Armour: Robe              |    63 |    36 ||    99
  Dodge: Dodged            |    87 |    77 ||   164
